Map: 이페머론 - 래더

Players

TYTY (TY)

  • Race: Terran Terran
  • Spawn Location: 11:00

sOs - Winner!

  • Race: Protoss Protoss
  • Spawn Location: 5:00

Event: IEM Katowice 2020

VOD

Have the link to the VOD?

Description

Time

  • Played on: Feb. 28, 2020, 9:54 a.m.
  • Length: 10:06

All games in this series

Show
View Real Time Build Order
Export as new Build Order

TYTY Terran 

Build Orders:  

Get SALT Encoding   

  12  0:00  SCV  
  13  0:12  SCV  
  14  0:18  Supply Depot  
  14  0:24  SCV  
  15  0:39  SCV  
  15  0:40  Barracks  
  16  0:43  Refinery  
  16  0:51  SCV  
  17  1:03  SCV  
  18  1:16  SCV  
  19  1:27  Marine  
  19  1:29  Orbital Command  
  20  1:49  Command Center  
  20  1:56  Factory  
  20  1:59  SCV  
  21  2:03  Barracks Reactor  
  21  2:12  Supply Depot  
  21  2:14  SCV  
  22  2:25  Bunker  
  22  2:26  SCV  
  23  2:38  SCV  
  23  2:45  Starport  
  23  2:48  Hellion  
  23  2:49  Hellion  
  27  2:53  SCV  
  28  3:01  Orbital Command  
  28  3:09  SCV, Hellion  
  31  3:13  Hellion  
  33  3:21  SCV, Medivac  
  33  3:25  Refinery  
  36  3:28  SCV  
  37  3:34  Supply Depot  
  37  3:36  SCV  
  37  3:38  Marine  
  37  3:39  Marine  
  40  3:41  Factory Tech Lab  
  40  3:42  SCV  
  41  3:48  SCV  
  41  3:54  SCV  
  42  3:56  Marine x2  
  42  4:00  SCV  
  45  4:05  Siege Tank  
  45  4:06  Barracks  
  45  4:07  SCV  
  45  4:09  Supply Depot  
  49  4:12  SCV  
  50  4:19  SCV  
  50  4:20  Marine x2  
  53  4:25  SCV  
  53  4:27  Barracks  
  57  4:39  SCV x2, Marine x2  
  57  4:42  Supply Depot  
  61  4:45  Siege Tank  
  61  4:46  Starport Tech Lab  
  61  4:50  Supply Depot  
  61  4:52  SCV  
  62  5:04  SCV, Marine x2  
  62  5:05  Engineering Bay  
  65  5:07  Stimpack  
  65  5:08  Marine  
  65  5:10  SCV, Starport Reactor  
  65  5:14  Refinery  
  67  5:21  SCV, Marine x2  
  68  5:22  SCV  
  68  5:25  Marine  
  70  5:31  Marine  
  70  5:33  Terran Infantry Weapons Level 1  
  71  5:36  SCV  
  71  5:37  SCV, Command Center  
  71  5:39  Marine x2  
  71  5:41  Supply Depot  
  75  5:43  Marine  
  75  5:48  Marine  
  77  5:55  SCV, Supply Depot x2  
  78  6:02  SCV, Medivac, Marine x3  
  82  6:04  Medivac  
  82  6:06  Marine  
  85  6:14  Barracks  
  85  6:15  Barracks  
  85  6:20  Combat Shield, Marine  
  85  6:24  Factory Reactor  
  88  6:26  Supply Depot  
  88  6:27  Refinery  
  88  6:30  Marine x2  
  88  6:33  Marauder  
  88  6:34  SCV x2  
  88  6:38  Marauder  
  94  6:45  Starport Reactor  
  94  6:46  SCV x2  
  94  6:53  Orbital Command  
  94  6:55  Marauder  
  94  6:59  SCV x2, Marauder  
  94  7:00  Marine  
  97  7:03  Widow Mine x2  
  98  7:12  SCV x2  
  98  7:13  Marine  
  98  7:16  Marauder  
  98  7:20  Barracks Tech Lab  
  98  7:21  Marauder  
  97  7:24  SCV x2, Concussive Shells  
  97  7:25  Orbital Command, Widow Mine x2  
  97  7:27  Missile Turret  
  97  7:28  Marine  
  97  7:29  Marine x2  
  106  7:35  Medivac x2  
  106  7:36  SCV  
  112  7:38  Marine x2  
  112  7:43  SCV, Marine  
  115  7:48  SCV  
  116  7:55  SCV  
  116  7:56  Orbital Command, Marine x2  
  111  8:00  SCV  
  111  8:05  Marine x2  
  111  8:07  SCV  
  111  8:10  Marauder x2  
  111  8:12  SCV  
  100  8:20  Marine  
  100  8:21  Marauder, Marine  
  100  8:23  Liberator  
  106  8:27  Widow Mine  
  106  8:28  Widow Mine  
  106  8:29  Orbital Command  
  106  8:32  SCV x2  
  112  8:36  Marine x2  
  112  8:38  Missile Turret  
  114  8:42  Marauder x2  
  114  8:43  Marine x2  
  114  8:44  Supply Depot  
  114  8:45  SCV  
  121  8:51  Widow Mine  
  123  8:55  SCV  
  123  8:58  SCV x2  
  125  9:05  Marine  
  125  9:06  Marauder x2, Marine  
  125  9:09  Supply Depot  
  131  9:11  SCV x2  
  131  9:14  Widow Mine  
  130  9:17  Marauder  
  119  9:25  Marine x2  
  119  9:27  Marauder  
  119  9:30  Orbital Command  
  119  9:31  Marauder, Marine x2  
  98  9:33  SCV x2  
  98  9:38  Marauder  
  84  9:43  Marine  
  84  9:45  SCV x2  
Show
View Real Time Build Order
Export as new Build Order

sOs Protoss - Winner!

Build Orders: 1 Gate Expand, Blink Stalkers 

Get SALT Encoding   

  12  0:00  Probe  
  13  0:12  Probe  
  14  0:17  Pylon  
  14  0:24  Probe (Chrono Boost)  
  16  0:37  Probe (Chrono Boost)  
  16  0:38  Gateway  
  16  0:43  Probe (Chrono Boost)  
  16  0:46  Assimilator  
  17  0:51  Probe  
  18  1:03  Probe  
  19  1:15  Probe  
  20  1:25  Cybernetics Core  
  20  1:33  Nexus  
  20  1:36  Probe  
  21  1:42  Pylon  
  21  1:48  Probe  
  21  1:51  Assimilator  
  22  1:59  Adept (Chrono Boost)  
  22  2:00  Probe, Warp Gate (Chrono Boost)  
  25  2:12  Probe  
  26  2:21  Stalker  
  28  2:24  Probe  
  30  2:38  Probe (Chrono Boost)  
  30  2:43  Gateway  
  30  2:45  Probe (Chrono Boost)  
  32  2:51  Stalker  
  32  2:54  Probe (Chrono Boost)  
  32  2:55  Probe (Chrono Boost)  
  32  2:58  Twilight Council  
  35  3:02  Probe  
  35  3:03  Probe  
  37  3:20  Probe x2  
  37  3:22  Pylon  
  39  3:27  Blink (Chrono Boost)  
  39  3:34  Probe x2  
  41  3:42  Stalker  
  41  3:43  Pylon  
  41  3:48  Stalker  
  45  3:54  Robotics Facility  
  45  3:56  Probe x2  
  47  4:07  Stalker  
  49  4:14  Probe x2  
  49  4:15  Stalker  
  53  4:20  Pylon  
  53  4:26  Probe x2  
  55  4:37  Nexus  
  55  4:38  Stalker x2  
  57  4:41  Pylon  
  57  4:42  Observer  
  60  4:47  Probe, Pylon  
  60  4:48  Probe  
  62  5:01  Forge x2  
  62  5:04  Assimilator  
  62  5:05  Probe  
  64  5:09  Stalker x2  
  64  5:13  Probe  
  68  5:18  Probe, Pylon  
  68  5:19  Charge  
  69  5:31  Probe x2  
  71  5:37  Protoss Ground Armor Level 1 (Chrono Boost)  
  71  5:41  Protoss Ground Weapons Level 1 (Chrono Boost)  
  71  5:42  Gateway  
  71  5:43  Gateway  
  71  5:44  Gateway  
  71  5:45  Gateway  
  71  5:57  Gateway  
  71  5:59  Gateway  
  71  6:10  Stalker x2  
  75  6:12  Warp Prism  
  75  6:15  Probe x3  
  80  6:23  Robotics Bay  
  80  6:27  Observer  
  80  6:28  Pylon  
  80  6:34  Sentry, Zealot  
  80  6:39  Probe x3  
  87  6:44  Pylon  
  87  6:51  Zealot x5  
  97  6:59  Pylon  
  97  7:00  Pylon  
  93  7:08  Probe x2  
  93  7:10  Stalker x3  
  93  7:13  Probe  
  93  7:14  Zealot x2  
  98  7:20  Probe  
  98  7:21  Colossus (Chrono Boost)  
  98  7:27  Zealot x2  
  98  7:29  Zealot  
  110  7:35  Probe x3  
  113  7:46  Pylon  
  113  7:47  Probe  
  114  7:51  Zealot x5  
  114  7:52  Zealot  
  114  7:56  Probe, Stalker  
  114  8:09  Probe  
  114  8:11  Stalker  
  117  8:13  Colossus (Chrono Boost)  
  123  8:21  Probe, Zealot x2  
  123  8:22  Zealot x2  
  123  8:23  Pylon  
  132  8:27  Observer  
  132  8:33  Probe  
  133  8:34  Observer  
  133  8:39  Pylon  
  133  8:41  Pylon  
  133  8:53  Zealot x8  
  149  9:00  Colossus  
  154  9:04  Pylon  
  152  9:16  Probe  
  144  9:20  Zealot x7  
  127  9:33  Zealot  
  109  9:41  Stalker x4  
  109  9:44  Probe  
  116  9:46  Zealot x3  

Tags
 
Add a new tag
Caveats
  • Supply blocks, unpowered buildings, or Contaminate may cause inaccurate times.
  • Supply counts are checked every 10 seconds.